 Dungeon Crawl Stone Soup version 0.29.1-15-g9cfb28693d (webtiles) character file.

Game seed: 5102410414424780530

98 Madmarshman the Chopper (level 4, 0/40 (41) HPs)
             Began as a Minotaur Berserker on Apr 6, 2023.
             Was a Believer of Trog.
             Slain by an orc
             ... wielding a +1 vorpal war axe
              (8 damage)
             ... on level 3 of the Dungeon.
             The game lasted 00:14:32 (2077 turns).

Madmarshman the Chopper (Minotaur Berserker)        Turns: 2077, Time: 00:14:32

HP:   0/40 (41)     AC:  6    Str: 23    XL:     4   Next: 44%
MP:   3/3           EV: 10    Int:  4    God:    Trog [**....]
Gold: 102           SH:  0    Dex: 10    Spells: 3/3 levels left

rFire   . . .      SeeInvis .   a - +0 hand axe
rCold   . . .      Faith    .   (no shield)
rNeg    . . .      Spirit   .   e - +0 scale mail
rPois   .          Reflect  .   (helmet restricted)
rElec   .          Harm     .   (no cloak)
rCorr   .          Rampage  .   (no gloves)
Will    ++...                   (no boots)
Stlth   ..........              (no amulet)
HPRegen 1.13/turn               (no ring)
MPRegen 0.08/turn               (no ring)

@: strong-willed, regenerating, lightly drained
A: horns 2, retaliatory headbutt
a: Renounce Religion, Berserk, Trog's Hand


You were on level 3 of the Dungeon.
You worshipped Trog.
Trog was pleased with you.
You visited 1 branch of the dungeon, and saw 3 of its levels.

You collected 102 gold pieces.

Inventory:

Hand Weapons
 a - a +0 hand axe (weapon)
 b - a +0 sling
 c - a +0 trident
 f - a +2 dagger of draining
 h - a +0 short sword
 n - a +1 dagger of venom
Missiles
 j - 5 stones
 l - 2 silver javelins (quivered)
Armour
 e - a +0 scale mail (worn)
Scrolls
 d - 3 scrolls of teleportation
 k - a scroll of enchant armour
 o - a scroll of immolation
Potions
 g - a potion of heal wounds {unknown}
 i - a potion of resistance
 m - 3 potions of curing


   Skills:
 + Level 4.3 Fighting
 * Level 4.9 Axes
 + Level 3.2 Armour
 + Level 3.0 Dodging


You had 3 spell levels left.
You didn't know any spells.
Your spell library was empty.

Dungeon Overview and Level Annotations

Branches:
Dungeon (3/15)

Altars:


Innate Abilities, Weirdness & Mutations

You have a pair of horns on your head.
You reflexively headbutt those who attack you in melee.


Message History

The orc hits you with a +0 short sword. The orc closely misses you.
You hear some strange, mumbled words.
You are confused.
You barely miss the orc.
The orc is severely wounded.
You hit the orc but do no damage. You completely miss something.
The orc closely misses you. The orc hits you but does no damage.
Something completely misses you.
Found 5 stones.
The orc hits you with a +0 short sword.
You feel less confused.
You barely miss the orc.
The orc is severely wounded.
You barely miss something. You hit the endoplasm but do no damage.
The orc hits you with a +0 short sword. The endoplasm freezes you.
You are frozen.
You closely miss the orc.
The orc is severely wounded.
You hit the orc. You miss something. You hit the endoplasm.
The orc hits you with a +0 short sword. Something hits you but does no damage.
The endoplasm freezes you.
You are frozen.
The orc hits you with a +1 vorpal war axe.
You hit the orc but do no damage.
The orc is severely wounded.
You hit the orc but do no damage. You barely miss something.
You hit the endoplasm.
The orc hits you with a +1 vorpal war axe.
The endoplasm freezes you.
You are frozen.
* * * LOW HITPOINT WARNING * * *
Something hits you but does no damage. The orc hits you but does no damage.
Your skin crawls.
You feel strong-willed. The orc hits you with a +0 short sword.
* * * LOW HITPOINT WARNING * * *
The endoplasm hits you but does no damage.
The orc hits you with a +1 vorpal war axe!
You die...

...## #.#
#(.......#
.......#.#
...#.#.#.# #
........#.####.#
...............#
#.#.#......#..#
.......J..<...#
#.#.#.#.o@.....##
.......)o{......#
.#.#.#.#.........
..........#.....
#.#.#.#.#.....##.
.................
#[#.#.#.#.....##..
..................
.#.#.#.#......###.


You could see 2 orcs and an endoplasm.

Vanquished Creatures
  3 adders (D:2)
  A worm (D:2)
  2 dart slugs
  An orc (D:3)
  6 bats
  3 endoplasms
  A giant cockroach (D:1)
  5 goblins
  3 hobgoblins
  7 jackals
  A quokka (D:2)
  7 ball pythons
  4 frilled lizards
  12 kobolds
  5 rats
61 creatures vanquished.

Notes
Turn   | Place    | Note
-------+----------+-------------------------------------------
     0 | D:1      | Madmarshman the Minotaur Berserker began the quest for the
                  | Orb.
     0 | D:1      | Reached XP level 1. HP: 19/19 MP: 0/0
   246 | D:1      | Reached XP level 2. HP: 27/27 MP: 1/1
   512 | D:1      | You fall into a shaft and drop 1 floor!
   538 | D:2      | Reached XP level 3. HP: 31/33 MP: 2/2
   983 | D:1      | Reached ** piety under Trog
  1227 | D:1      | Reached XP level 4. HP: 38/40 MP: 3/3
  2077 | D:3      | Slain by an orc

Illustrated notes

Levels and vault maps discovered:
D:1:      roderic_dead_forest, layout_basic, wad_floor_pattern_1,
          nrook_loot_triangle
D:2:      layout_basic
D:3:      layout_basic, chequers_ecumenical_altar_island, hex_medium

Skill      XL: |  1  2  3  4 |
---------------+-------------+-----
Axes           | 4 |  4.9
Fighting       | 4 |  4.3
Armour         | 3 |  3.2
Dodging        | 3 |  3.0

Action                   |  1- 3 |  4- 6 || total
-------------------------+-------+-------++-------
Melee: Hand axe          |    87 |    41 ||   128
       Headbutt          |     5 |     8 ||    13
       Punch             |     1 |       ||     1
 Fire: Sling             |       |     1 ||     1
Throw: Stone             |    14 |    10 ||    24
       Javelin           |       |     3 ||     3
Invok: Berserk           |     1 |       ||     1
       Trog's Hand       |       |     1 ||     1
  Use: Scroll            |       |     5 ||     5
Armor: Scale mail        |    42 |    22 ||    64
Dodge: Dodged            |    48 |    22 ||    70
